 Dungeon Crawl Stone Soup version 0.29-a0-284-gf9362112df (webtiles) character file.

Game seed: 1589524469178621975

54 spiderkeys the Ducker (level 3, -1/19 HPs)
             Began as a Spriggan Abyssal Knight on Mar 15, 2022.
             Was a Priest of Lugonu.
             Slain by a goblin
             ... wielding a +0 dagger
              (3 damage)
             ... on level 1 of the Dungeon.
             The game lasted 00:02:24 (2251 turns).

spiderkeys the Ducker (Spriggan Abyssal Knight)     Turns: 2251, Time: 00:02:24

Health: -1/19      AC:  2    Str:  9    XL:     3   Next: 66%
Magic:  5/5        EV: 18    Int: 13    God:    Lugonu [***...]
Gold:   16         SH:  0    Dex: 15    Spells: 2/2 levels left

rFire   . . .      SeeInvis +   a - +1 short sword
rCold   . . .      Faith    .   (no shield)
rNeg    . . .      Spirit   .   b - +0 robe
rPois   .          Reflect  .   (helmet restricted)
rElec   .          Harm     .   (no cloak)
rCorr   .          Rampage  .   (gloves unavailable)
Will    .....                   (boots unavailable)
Stlth   ++........              i - amulet of magic regeneration
HPRegen 0.06/turn               (no ring)
MPRegen 0.49/turn               (no ring)

@: very quick
A: very small, no large weapons, unfitting armour, see invisible, speed 3
a: Renounce Religion, Depart the Abyss, Bend Space, Banish


You were on level 1 of the Dungeon.
You worshipped Lugonu.
Lugonu was most pleased with you.
You visited 1 branch of the dungeon, and saw 2 of its levels.
You visited the Abyss 1 time.

You collected 16 gold pieces.


Innate Abilities, Weirdness & Mutations

You are very small and have problems with some larger weapons.
You are too small for most types of armour.
You have supernaturally acute eyesight. (SInv)
You cover ground extremely quickly. (Speed+++)


   Skills:
 + Level 2.8 Fighting
 + Level 2.9 Short Blades
 + Level 4.0 Dodging
 + Level 2.4 Stealth
 - Level 1.7 Invocations


You had 2 spell levels left.
You didn't know any spells.
Your spell library contained the following spells:

 Spells                   Type           Power      Damage    Failure   Level
 Conjure Flame            Conj/Fire      0%         6-21      67%         3
 Ignite Poison            Fire/Tmut/Pois 0%         N/A       67%         3
 Sticky Flame             Conj/Fire      0%         2d3       97%         4

Inventory:

Hand Weapons
 a - a +1 short sword (weapon)
Missiles
 g - 63 stones
Armour
 b - a +0 robe (worn)
 e - a +0 robe
   (You found it on level 1 of the Dungeon)
Jewellery
 i - an amulet of magic regeneration (around neck)
   (You found it on level 2 of the Dungeon)
Scrolls
 d - 2 scrolls of teleportation {@r4}
 h - a scroll of fear
Potions
 c - a potion of brilliance {unknown}
 f - a potion of invisibility {unknown}
 j - a potion of mutation {unknown}

Dungeon Overview and Level Annotations

Branches:
Dungeon (2/15)

Altars:

Shops:
D:2

[ #.........# #.#######.#
#.# #.# ##### #.# #.#
###...# #.# #.# ..#...#
#.#######.#
..#...###.........#
...........#####..###
................@...#
...............wg##.#
.................##.#
..................#.#
.....###.##.....###.#
.......#............#######
...###....................#
.........#####.##########.#
##.#####.##....# #.#


You could see a worm and a goblin.


Message History

Lugonu accepts your kill.
You hit the goblin.
The goblin hits you with a +0 dagger. 😕 HP[-2]
You take 2 damage, and now have 17/19 hp.
You hit the goblin. The goblin closely misses you.
You hit the goblin but do no damage. The goblin closely misses you.
You closely miss the goblin.
The goblin hits you with a +0 dagger. 😮 HP[-3]
You take 3 damage, and now have 14/19 hp.
You are too injured to fight recklessly!
You are too injured to fight recklessly!
You are too injured to fight recklessly!
You are too injured to fight recklessly!
You are too injured to fight recklessly!
You barely miss the goblin. The goblin hits you but does no damage.
You hit the goblin.
You kill the goblin!
Lugonu accepts your kill. 😕 HP[+1]
You completely miss the endoplasm. The endoplasm misses you.
You hit the endoplasm.
You punch the endoplasm, but do no damage.
The endoplasm hits you. 😮 HP[-2]
You take 2 damage, and now have 13/19 hp.
You hit the endoplasm but do no damage. The endoplasm freezes you.
You are frozen. 😮 HP[-2]
You take 2 damage, and now have 11/19 hp.
You hit the endoplasm. The endoplasm misses you.
You hit the endoplasm but do no damage. The endoplasm barely misses you.
You hit the endoplasm.
You kill the endoplasm!
Lugonu accepts your kill.
Things that are here:
a +0 dagger; a goblin corpse; a frilled lizard corpse Key pressed, stopping explore.
Key pressed, stopping explore.
Key pressed, stopping explore.
Key pressed, stopping explore.
A goblin comes into view. It is wielding a +0 dagger. 😎 HP[+8]
Your hp is fully restored (19).
The goblin shouts!
A worm comes into view.
You hit the goblin.
You kill the goblin!
Lugonu accepts your kill.
You see here a +0 dagger.
You hit the worm but do no damage. The worm closely misses you.
You hit the worm. You barely miss the worm. The worm misses you.
You barely miss the worm. You hit the worm. The worm misses you.
You hit the worm. The worm bites you!
Ouch! That really hurt!
* * * LOW HITPOINT WARNING * * *
😨 HP[-10]
You take 10 damage, and now have 9/19 hp.
MASSIVE DAMAGE!! (PAUSE)
You see here a +0 dagger.
Okay, then. 😮 HP[+1]
A worm comes into view.
There is an open door here.
There is an open door here.
You start resting.
A worm is nearby! 😮 HP[+1] 😮 HP[+1]
There is a stone staircase leading up here.
You climb upwards.
There is a stone staircase leading down here.
You start resting.
A goblin is nearby! 😕 HP[+6]
You regained 6 hp, and now have 18/19 hp.
You climb downwards.
The worm misses you.
There is a stone staircase leading up here.
You climb upwards.
The goblin shouts!
There is a stone staircase leading down here.
You barely miss the worm. The worm misses you.
You hit the worm. You hit the worm. The worm barely misses you.
You hit the worm. The goblin closely misses you.
You hit the worm. The worm barely misses you.
The goblin hits you with a +0 dagger. 😕 HP[-1]
You take 1 damage, and now have 17/19 hp.
You hit the worm. The goblin closely misses you.
You hit the worm. The worm bites you! The goblin misses you. 😮 HP[-7]
You take 7 damage, and now have 10/19 hp.
MASSIVE DAMAGE!! (PAUSE)
You hit the worm. The worm bites you!
* * * LOW HITPOINT WARNING * * *
The goblin hits you with a +0 dagger.
You die...

Skill      XL: |  1  2  3 |
---------------+----------+-----
Stealth        | 1 2 |  2.4
Dodging        | 4 |  4.0
Fighting       | |  2.8
Short Blades   | |  2.9
Invocations    | |  1.7

Action                   || total
-------------------------++-------
Melee: Short sword       ||   109
       Punch             ||     3
  Use: Scroll            ||     3
 Stab: Sleeping          ||     5
       Distracted        ||     2
Armor: Robe              ||     8
Dodge: Dodged            ||    79

Levels and vault maps discovered:
D:1:      arrival_aquarium_a, layout_basic
D:2:      layout_loops_corners, serial_shops, shop

Notes
Turn   | Place    | Note
-------+----------+-------------------------------------------
     0 | Abyss:1  | spiderkeys the Spriggan Abyssal Knight began the quest for
                  | the Orb.
     0 | Abyss:1  | Reached XP level 1. HP: 11/11 MP: 3/3
     0 | Abyss:1  | magus.rc [v1.11.3]
    28 | D:1      | You pass through the gate.
    28 | D:1      | Escaped the Abyss
    32 | D:1      | Noticed an electric eel
    83 | D:1      | HP: 2/11 [giant cockroach (1)]
    85 | D:1      | Reached skill level 1 in Stealth
   369 | D:1      | Reached XP level 2. HP: 16/16 MP: 4/4
  1059 | D:1      | Reached skill level 2 in Stealth
  1059 | D:1      | Reached XP level 3. HP: 19/19 MP: 5/5
  1227 | D:2      | Found Xesiut's Antique Armour Boutique.
  1253 | D:2      | Reached *** piety under Lugonu
  1711 | D:2      | You add the spells Conjure Flame, Ignite Poison and Sticky
                  | Flame to your library.
  1821 | D:2      | Reached skill level 4 in Dodging
  2251 | D:1      | HP: 2/19 [worm (8)]
  2251 | D:1      | Slain by a goblin

Vanquished Creatures
  An adder (D:2)
  A gnoll (D:1)
  3 endoplasms
  2 giant cockroaches (D:1)
  4 goblins
  3 hobgoblins
  5 kobolds
  4 quokkas
  2 ball pythons (D:1)
  3 bats (D:1)
  A frilled lizard (D:2)
  4 rats
33 creatures vanquished.

Table legend:
 A = Non-vault XP
 B = Vault XP
 C = Vault XP percentage of total XP
 D = Non-vault monster count
 E = Vault monster count
 F = Vault count percentage of total count
                 A         B        C        D         E       F
            +---------+---------+-------+---------+---------+-------
      Total |      78 |       0 |   0.0 |      33 |       0 |   0.0
            +---------+---------+-------+---------+---------+-------
        D:1 |      43 |       0 |   0.0 |      20 |       0 |   0.0
        D:2 |      35 |       0 |   0.0 |      13 |       0 |   0.0
            +---------+---------+-------+---------+---------+-------

Illustrated notes

Table legend:
 A = Kills in this place as a percentage of kills in entire the game.
 B = Kills by you in this place as a percentage of kills by you in the entire game.
 C = Kills by friends in this place as a percentage of kills by friends in the entire game.
 D = Other kills in this place as a percentage of other kills in the entire game.
 E = Experience gained in this place as a percentage of experience gained in the entire game.
 F = Experience gained in this place divided by the number of levels of this place that you have seen.
                   A       B       C       D       E      F
               +-------+-------+-------+-------+-------+----------------------
         Total | 100.0 | 100.0 |   N/A |   N/A | 100.0 |  26.0
       Dungeon | 100.0 | 100.0 |   N/A |   N/A | 100.0 |  39.0
               +-------+-------+-------+-------+-------+----------------------

Table legend: (Time is in decaauts)
 A = Elapsed time spent in this place.
 B = Non-inter-level travel time spent in this place.
 C = Inter-level travel time spent in this place.
 D = Time resting spent in this place.
 E = Time spent auto-exploring this place.
 F = Levels seen in this place.
 G = Mean time per level.
                   A        B        C        D        E       F      G
               +--------+--------+--------+--------+--------+-----+--------+
         Total |   1822 |   1820 |      2 |    509 |   1048 |   3 |  607.3 |
       Dungeon |   1805 |   1803 |      2 |    509 |   1038 |   2 |  902.5 |
         Abyss |     17 |     17 |      0 |      0 |     10 |   1 |   17.0 |
               +--------+--------+--------+--------+--------+-----+--------+

Top non-repeatable levels by time:
     D:1: 1058 daAuts
     D:2: 746 daAuts
 Abyss:1: 17 daAuts
